Map: Eternal Empire LE

Players

ViBE - Winner!

  • Race: Zerg Zerg
  • League: Master
  • Spawn Location: 7:00

A.I. 2 (Medium)

  • Race: Terran Terran
  • Spawn Location: 1:00

VOD

https://youtu.be/b1IGxiyW5Wg?t=3662

Description

Time

  • Played on: March 28, 2020, 5:24 p.m.
  • Length: 12:44
Show
View Real Time Build Order
Export as new Build Order

ViBE Zerg - Winner!

Build Orders: Hatch First 

Get SALT Encoding   

  12  0:01  Drone  
  13  0:14  Overlord  
  13  0:20  Drone  
  14  0:32  Drone x2  
  16  0:40  Drone  
  17  0:53  Hatchery  
  17  0:56  Drone  
  17  0:59  Drone  
  18  1:10  Extractor  
  17  1:15  Spawning Pool  
  17  1:17  Drone  
  17  1:20  Drone  
  18  1:31  Drone  
  19  1:46  Overlord  
  19  1:53  Drone  
  20  2:03  Queen  
  20  2:04  Queen  
  20  2:05  Zergling x4  
  26  2:14  Drone  
  27  2:16  Metabolic Boost  
  27  2:17  Drone  
  28  2:25  Drone  
  28  2:27  Drone  
  30  2:38  Hatchery  
  30  2:41  Drone  
  30  2:47  Drone x2  
  32  2:51  Overlord  
  32  2:56  Queen  
  34  3:00  Drone  
  34  3:03  Drone  
  36  3:09  Overlord  
  36  3:13  Drone x3  
  36  3:14  Drone  
  40  3:22  Drone x2  
  42  3:32  Queen  
  44  3:36  Overlord  
  44  3:42  Drone x2  
  44  3:46  Zergling x2  
  44  3:47  Zergling x8  
  51  4:05  Drone x6  
  57  4:12  Queen  
  57  4:13  Queen  
  57  4:15  Drone x3  
  57  4:16  Lair  
  64  4:21  Drone x2  
  66  4:26  Baneling Nest  
  66  4:31  Drone  
  66  4:32  Overlord x2  
  66  4:36  Overlord  
  66  4:37  Extractor  
  65  4:39  Drone  
  65  4:41  Extractor  
  65  4:44  Overlord  
  65  4:53  Drone x4  
  65  4:54  Drone x5  
  65  4:59  Drone x3  
  79  5:00  Drone x2  
  79  5:04  Drone  
  79  5:05  Drone x2  
  82  5:11  Overlord x2  
  82  5:14  Centrifical Hooks  
  82  5:17  Hatchery  
  82  5:19  Drone  
  82  5:20  Drone x5  
  87  5:23  Extractor  
  87  5:27  Drone  
  87  5:28  Extractor, Drone x2  
  88  5:30  Drone x4  
  88  5:33  Hydralisk Den  
  88  5:35  Evolution Chamber  
  90  5:36  Drone  
  90  5:37  Evolution Chamber, Drone  
  90  5:38  Drone  
  92  5:43  Extractor  
  92  5:49  Hatchery  
  90  5:52  Drone  
  91  6:03  Zergling x2  
  91  6:04  Zergling x14  
  98  6:05  Baneling x3  
  98  6:06  Baneling x10  
  98  6:10  Queen x2  
  103  6:14  Muscular Augments  
  103  6:18  Zergling x6  
  106  6:41  Drone x9  
  106  6:42  Drone x2  
  117  7:04  Extractor  
  117  7:05  Extractor  
  117  7:07  Drone x2  
  117  7:08  Drone x2  
  119  7:10  Zerg Ground Armor Level 1  
  119  7:11  Zerg Melee Weapons Level 1  
  119  7:13  Hydralisk x3  
  119  7:14  Hatchery  
  119  7:15  Overlord x2  
  124  7:16  Overlord x6  
  124  7:25  Grooved Spines  
  124  7:28  Zergling x4  
  126  7:35  Zergling x2  
  126  7:36  Zergling x14  
  128  7:43  Hydralisk x5  
  138  7:48  Hydralisk  
  138  7:49  Hydralisk x8  
  156  7:58  Zergling x2  
  157  8:04  Zergling x2  
  157  8:05  Zergling x6  
  161  8:14  Zergling x16  
  169  8:23  Overlord x2  
  169  8:26  Hydralisk x3  
  175  8:28  Zergling x12  
  175  8:32  Infestation Pit  
  180  8:38  Zergling x2  
  180  8:39  Zergling x12  
  187  8:42  Zergling x10  
  187  8:46  Zergling x6  
  195  8:50  Zergling x8  
  199  8:57  Unknown  
  199  8:58  Baneling x20  
  199  8:59  Baneling x13  
  198  9:12  Hatchery  
  197  9:34  Zerg Melee Weapons Level 2, Zerg Ground Armor Level 2  
  197  9:36  Hive  
  104  10:47  Hydralisk  
  104  10:48  Hydralisk x19  
  104  10:49  Zergling x2  
  139  10:50  Zergling x54  
  139  10:51  Zergling x28  
  139  10:54  Zergling x18  
  139  10:55  Zergling x22  
  200  11:12  Baneling x17  
  200  11:13  Baneling x26  
  200  11:14  Baneling  
  200  11:20  Spire  
  200  11:22  Ultralisk Cavern  
  198  11:32  Extractor  
  198  11:34  Extractor  
  198  11:39  Drone  
  198  11:40  Drone x3  
  178  11:47  Drone x6  
  178  11:48  Zergling x2  
  178  11:49  Zergling x28  
  178  11:52  Zergling x8  
  197  11:55  Zergling x2  
  197  11:56  Zergling x10  
  188  12:09  Zergling x16  
  188  12:10  Zergling x12  
Show
View Real Time Build Order
Export as new Build Order

A.I. 2 (Medium) Terran 

Build Orders:  

Get SALT Encoding   

  12  0:00  SCV  
  13  0:13  SCV  
  14  0:18  Supply Depot  
  14  0:25  SCV  
  15  0:40  SCV  
  15  0:42  Barracks  
  16  0:50  Refinery  
  16  0:52  SCV  
  17  1:04  SCV  
  18  1:16  Supply Depot  
  18  1:28  Orbital Command  
  18  1:30  Marine  
  19  1:33  Barracks  
  19  1:43  Refinery  
  19  1:48  Barracks Tech Lab  
  19  2:06  Factory, Marine  
  20  2:20  Supply Depot  
  20  2:24  Marauder  
  22  2:36  Marine  
  23  2:52  Hellion  
  25  3:00  Supply Depot  
  25  3:06  Marine  
  25  3:10  SCV  
  27  3:21  Marine  
  27  3:23  SCV  
  27  3:25  Engineering Bay  
  29  3:35  SCV  
  29  3:36  Marine  
  31  3:47  SCV  
  32  3:50  Supply Depot  
  32  3:54  Marauder  
  34  3:59  SCV  
  35  4:07  Hellion  
  37  4:11  SCV  
  38  4:23  SCV  
  38  4:28  Hellion  
  40  4:49  Hellion  
  42  6:54  Barracks Tech Lab, Widow Mine  
  42  6:57  Factory  
  42  7:00  Supply Depot  
  44  7:01  Command Center, Missile Turret  
  44  7:04  Missile Turret  
  44  7:06  Marine  
  44  7:07  Sensor Tower  
  45  7:09  Armory  
  45  7:10  Starport  
  45  7:12  Barracks  
  45  7:16  Factory Tech Lab  
  45  7:18  Marine  
  46  7:25  Supply Depot  
  46  7:27  Bunker  
  44  7:33  Marine  
  29  7:41  Factory Tech Lab  
  29  7:45  Marine  
  29  7:49  Starport Tech Lab  
  30  7:57  Marine  
  31  8:00  Barracks Reactor  
  31  8:08  Raven  
  31  8:09  Marine  
  34  8:14  SCV  
  34  8:17  SCV  
  36  8:21  Marine  
  36  8:24  Refinery  
  36  8:26  Missile Turret, SCV  
  38  8:28  Missile Turret  
  38  8:29  SCV  
  38  8:30  Refinery  
  38  8:33  Marine  
  40  8:38  SCV  
  41  8:41  SCV  
  41  8:46  Marauder  
  41  8:48  Bunker  
  44  8:50  SCV  
  44  8:51  Raven  
  44  8:53  SCV  
  48  8:59  Marauder  
  50  9:03  SCV  
  50  9:06  SCV  
  52  9:10  Siege Tank  
  52  9:15  SCV  
  56  9:18  SCV  
  56  9:23  Siege Tank  
  60  9:27  SCV  
  60  9:30  SCV  
  62  9:39  SCV  
  62  9:42  SCV  
  62  9:43  Widow Mine  
  65  9:51  SCV  
  66  9:54  SCV  
  67  10:03  SCV  
  67  10:06  SCV  
  69  10:10  Marine  
  66  10:15  SCV  
  66  10:18  SCV  
  65  10:22  Siege Tank  
  65  10:35  Siege Tank  
  68  10:47  Marine  
  69  10:59  Marine  
  70  11:11  Marine  
  70  11:44  Marine  
  67  11:53  Marine  
  58  11:54  Medivac  
  58  11:57  Starport  
  58  11:59  Marine, Supply Depot  
  53  12:02  Ghost Academy  
  53  12:05  Marine  
  37  12:08  SCV  
  25  12:16  Fusion Core  
  25  12:17  Marauder  
  25  12:20  Sensor Tower, SCV  
Tags
 
League
Master
Matchup
TvZ
Player
ViBE
Spawn Locations
Cross Positions
Add a new tag
Caveats
  • Supply blocks, unpowered buildings, or Contaminate may cause inaccurate times.
  • Supply counts are checked every 10 seconds.